 Dungeon Crawl Stone Soup version 0.30-a0-269-gf0224bf7b6 (webtiles) character file.

Game seed: 1017445051440480017

177 Sobieck the Caller (level 5, -4/53 HPs)
             Began as an Ogre Summoner on Oct 14, 2022.
             Slain by Crazy Yiuf
             ... wielding a +4 quarterstaff of chaos
              (14 damage)
             ... on level 2 of the Dungeon.
             The game lasted 00:06:06 (2501 turns).

Sobieck the Caller (Ogre Summoner)                  Turns: 2501, Time: 00:06:07

Health: -4/53      AC:  4    Str: 12    XL:     5   Next: 57%
Magic:  1/8        EV:  9    Int: 18    God:
Gold:   136        SH:  0    Dex:  9    Spells: 2/8 levels left

rFire   . . .      SeeInvis .    e - +1 dagger (venom) {short}
rCold   + . .      Faith    .    (no shield)
rNeg    . . .      Spirit   .    a - +0 robe
rPois   .          Reflect  .    (helmet restricted)
rElec   .          Harm     .    f - +0 cloak
rCorr   +          Rampage  .    (gloves unavailable)
Will    .....                    (boots unavailable)
Stlth   +.........               (no amulet)
HPRegen 0.28/turn                k - ring of protection from cold
MPRegen 0.11/turn                l - ring of resist corrosion

@: slowed, very slow
A: large, unfitting armour, tough skin 1
a: no special abilities


You were on level 2 of the Dungeon.
You visited 1 branch of the dungeon, and saw 4 of its levels.

You collected 136 gold pieces.


Innate Abilities, Weirdness & Mutations

You are too large for most types of armour.
You have tough skin. (AC +1)


   Skills:
 - Level 3.0 Fighting
 - Level 1.7 Dodging
 - Level 1.4 Stealth
 - Level 2.4 Spellcasting
 + Level 5.6 Summonings


You had 2 spell levels left.
You knew the following spells:

 Your Spells              Type           Power      Damage    Failure   Level
a - Call Imp              Summ           22%        N/A       2%          2
b - Summon Small Mammal   Summ           88%        N/A       1%          1
c - Call Canine Familiar  Summ           22%        N/A       5%          3

Your spell library contained the following spells:

 Spells                   Type           Power      Damage    Failure   Level
 Cigotuvi's Dreadful Rot  Necr/Pois/Air  4%         N/A       26%         2
 Poisonous Vapours        Pois/Air       4%         N/A       26%         2
 Summon Guardian Golem    Hex/Summ       12%        N/A       17%         3
 Frozen Ramparts          Ice            4%         1d1       45%         3
 Mephitic Cloud           Conj/Pois/Air  2%         N/A       45%         3
 Summon Ice Beast         Ice/Summ       12%        N/A       50%         4
 Summon Lightning Spire   Summ/Air       12%        N/A       50%         4
 Ice Form                 Ice/Tmut       2%         N/A       86%         4

Inventory:

Hand Weapons
 e - a +1 dagger of venom (weapon) {short}
   (You found it on level 1 of the Dungeon)
Missiles
 c - 12 stones {throwing}
 n - 2 poisoned darts {throwing}
Armour
 a - a +0 robe (worn)
 f - a +0 cloak (worn)
   (You found it on level 1 of the Dungeon)
 m - a +0 robe
   (You took it off an orc wizard on level 4 of the Dungeon)
Jewellery
 k - a ring of protection from cold (left hand)
   (You found it on level 1 of the Dungeon)
 l - a ring of resist corrosion (right hand)
   (You found it on level 2 of the Dungeon)
Scrolls
 d - a scroll of poison {unknown}
 g - a scroll of fog {unknown}
 h - a scroll of noise {unknown}
 i - 2 scrolls of teleportation {unknown}
 j - 4 scrolls of identify {unknown}
 o - a scroll of magic mapping {unknown}
 q - 3 scrolls of blinking {unknown}
Potions
 b - a potion of magic
 p - a potion of resistance {unknown}
 r - a potion of degeneration {unknown}

Dungeon Overview and Level Annotations

Branches:
Dungeon (4/15) Zot: 21490
 Temple: D:4-7

Altars:

Annotations:
D:2 Crazy Yiuf

.....##
#..ยง.#.....##
####.# ##..........#
..##.# #####.....##
..##.#######
###...##
...#.#.....#
#.....##
.....#.....#
#......##
#..........#
#.....#.#
##.###.....#
#..g..^## ##.#
#.....# #..@..##
##.#######.#####..##
............## #.##
##.#####.....###.#
......#..........#
##.##.##.....#####
.#.##.#.......#
.#.......#.##.#
.####.#.##.##.#


You could see Crazy Yiuf.


Message History

An adder comes into view.
The adder hisses angrily.
Danger!
The adder closely misses your hound.
Your hound bites the adder.
Your hound completely misses the adder.
The adder bites your hound.
Your hound bites the adder.
The adder closely misses your hound.
Your hound closely misses the adder.
The adder barely misses your hound.
Your hound barely misses the adder.
The adder closely misses your hound.
Your hound misses the adder. The adder misses your hound.
Your hound bites the adder.
The adder dies!
You swap places.
Your hound barks excitedly!
You see here an adder corpse.
r - a pink potion You see here an adder corpse.
There is a stone staircase leading up here.
You swap places.
There is a stone staircase leading up here.
You see here a +0 hand axe {axe}.
Your hound disappears in a puff of smoke!
Crazy Yiuf shouts!
Crazy Yiuf yells, "Sif Muna testudinal tired!"
Could not explore, unopened runed door.
Unknown command.
You open the door.
Danger!
Crazy Yiuf attacks as you move away!
Crazy Yiuf hits you with a +4 quarterstaff of chaos.
Crazy Yiuf burns you.
Unknown command.
Crazy Yiuf attacks as you move away!
Crazy Yiuf hits you with a +4 quarterstaff of chaos!
You feel your power leaking away.
Unknown command.
Casting: Call Canine Familiar (dangerous; 5% risk of failure)
Confirm with . or Enter, or press ? or * to list all spells.
A beastly little devil appears in a puff of flame.
Crazy Yiuf hits you with a +4 quarterstaff of chaos!
You feel yourself slow down. Crazy Yiuf attacks as you move away!
Crazy Yiuf closely misses you.
You are too injured to fight recklessly!
Unknown command.
Casting: Call Imp (safe; 2% risk of failure)
Confirm with . or Enter, or press ? or * to list all spells.
Crazy Yiuf hits you with a +4 quarterstaff of chaos.
* * * LOW HITPOINT WARNING * * *
You feel as though you will be slow longer.
Your crimson imp hits Crazy Yiuf but does no damage.
Crazy Yiuf hits you with a +4 quarterstaff of chaos.
* * * LOW HITPOINT WARNING * * *
Your crimson imp hits Crazy Yiuf but does no damage.
Your hound bites Crazy Yiuf but does no damage.
Your crimson imp closely misses Crazy Yiuf.
Your hound bites Crazy Yiuf but does no damage.
Your hound barely misses Crazy Yiuf. x2; Crazy Yiuf barely misses you.
Your crimson imp blinks!
You swap places.
Your hound bites Crazy Yiuf but does no damage.
Your crimson imp blinks!
Your hound bites Crazy Yiuf.
Your crimson imp blinks!
Crazy Yiuf hits you with a +4 quarterstaff of chaos!
* * * LOW HITPOINT WARNING * * *
Your hound bites Crazy Yiuf.
Your hound bites Crazy Yiuf.
Crazy Yiuf hits your hound with a +4 quarterstaff of chaos!
Your hound seems to speed up.
Your crimson imp hits Crazy Yiuf but does no damage.
Your hound bites Crazy Yiuf but does no damage.
Your hound bites Crazy Yiuf.
Your hound closely misses Crazy Yiuf.
Crazy Yiuf hits your hound with a +4 quarterstaff of chaos!
Your hound dies!
Your hound's corpse disappears in a puff of smoke!
Your crimson imp hits Crazy Yiuf but does no damage.
Crazy Yiuf completely misses your crimson imp.
Your crimson imp hits Crazy Yiuf.
Crazy Yiuf misses your crimson imp.
Your crimson imp barely misses Crazy Yiuf.
Casting: Call Canine Familiar (dangerous; 5% risk of failure)
Confirm with . or Enter, or press ? or * to list all spells.
You don't have enough magic to cast this spell.
Casting: Call Canine Familiar (dangerous; 5% risk of failure)
Confirm with . or Enter, or press ? or * to list all spells.
Crazy Yiuf hits your crimson imp with a +4 quarterstaff of chaos!
Your crimson imp dies!
Your crimson imp disappears in a puff of smoke!
Crazy Yiuf twirls on the spot.
Your quokka closely misses Crazy Yiuf.
Crazy Yiuf hits your quokka with a +4 quarterstaff of chaos!
Crazy Yiuf freezes your quokka.
Your quokka dies!
Your quokka's corpse disappears in a puff of smoke!
Crazy Yiuf attacks as you move away! Crazy Yiuf completely misses you.
You barely miss Crazy Yiuf.
Crazy Yiuf hits you with a +4 quarterstaff of chaos!
* * * LOW HITPOINT WARNING * * *
You are electrocuted!
You die...

Skill      XL: |  1  2  3  4 |
---------------+-------------+-----
Fighting       | 2 3 |  3.0
Summonings     | 4 5 |  5.6
Dodging        | |  1.7
Stealth        | |  1.4
Spellcasting   | |  2.4

Action                   |  1- 3 |  4- 6 || total
-------------------------+-------+-------++-------
Melee: Dagger            |    81 |    27 ||   108
 Cast: Summon Small Mamm |    19 |     5 ||    24
       Call Imp          |     5 |     4 ||     9
       Call Canine Famil |       |     7 ||     7
 Stab: Sleeping          |       |     4 ||     4
Armor: Robe              |    27 |     7 ||    34
Dodge: Dodged            |    40 |    28 ||    68

Levels and vault maps discovered:
D:1:      amcnicky_arrival_flooded_fountain, layout_loops_ring, serial_forest,
          infiniplex_forest_corner_1, infiniplex_forest_lined_room_3,
          infiniplex_forest_clump_diagonal, infiniplex_forest_straight_2,
          infiniplex_forest_join, infiniplex_forest_lined_corner
D:2:      layout_loops_cross, uniq_crazy_yiuf_cottage
D:3:      layout_loops_ring, serial_forest, infiniplex_forest_side_room,
          infiniplex_forest_corner_1, infiniplex_forest_lined_1,
          infiniplex_forest_clump_long, infiniplex_forest_clump_medium,
          infiniplex_forest_end_1, infiniplex_forest_zigzag_1,
          ebering_ecumenical_altar_mist, grunt_ministairs_2
D:4:      layout_gridville, serial_bayou_lake_a

Notes
Turn   | Place    | Note
-------+----------+-------------------------------------------
     0 | D:1      | Sobieck the Ogre Summoner began the quest for the Orb.
     0 | D:1      | Reached XP level 1. HP: 16/16 MP: 3/3
   125 | D:1      | Reached skill level 1 in Fighting
   170 | D:1      | Reached skill level 2 in Fighting
   183 | D:1      | Reached XP level 2. HP: 28/28 MP: 0/5
   216 | D:1      | Learned a level 2 spell: Call Imp
   471 | D:1      | You pick up a book of Rime and begin reading...
   471 | D:1      | You add the spells Frozen Ramparts, Ice Form and Summon Ice
                  | Beast to your library.
   486 | D:1      | Reached skill level 3 in Fighting
   748 | D:1      | Reached XP level 3. HP: 35/37 MP: 3/6
   779 | D:1      | Learned a level 3 spell: Call Canine Familiar
  1276 | D:2      | Reached skill level 4 in Summonings
  1335 | D:2      | You fall into a shaft and drop 2 floors!
  1377 | D:4      | Reached XP level 4. HP: 23/45 MP: 3/7
  1387 | D:4      | Reached skill level 5 in Summonings
  1387 | D:4      | Reached XP level 5. HP: 26/53 MP: 2/8
  1883 | D:2      | You pick up a book of Vapours and begin reading...
  1883 | D:2      | You add the spells Poisonous Vapours, Cigotuvi's Dreadful
                  | Rot and Mephitic Cloud to your library.
  2267 | D:2      | Found a runed translucent door.
  2268 | D:2      | Noticed Crazy Yiuf
  2491 | D:2      | HP: 13/53 [Crazy Yiuf/+4 quarterstaff of chaos (9)]
  2501 | D:2      | HP: 10/53 [Crazy Yiuf/+4 quarterstaff of chaos (7)]
  2501 | D:2      | Slain by Crazy Yiuf

Vanquished Creatures
  2 orc priests (D:4)
  An adder (D:2)
  A worm (D:2)
  2 dart slugs
  2 orcs (D:3)
  3 goblins
  2 hobgoblins (D:1)
  4 jackals (D:1)
  2 kobolds
  2 quokkas
  4 ball pythons
  4 bats
  2 frilled lizards (D:1)
  A rat (D:2)
32 creatures vanquished.

Vanquished Creatures (collateral kills)
  An orc wizard (D:4)
  3 adders (D:2)
  An orc (D:3)
  An endoplasm (D:2)
  2 hobgoblins
  A ball python (D:4)
  6 goblins
  2 rats
17 creatures vanquished.

Vanquished Creatures (others)
  5 plants (D:1)
5 creatures vanquished.

Grand Total: 54 creatures vanquished

Table legend:
 A = Non-vault XP
 B = Vault XP
 C = Vault XP percentage of total XP
 D = Non-vault monster count
 E = Vault monster count
 F = Vault count percentage of total count
                 A         B        C        D         E       F
            +---------+---------+-------+---------+---------+-------
      Total |     242 |      11 |   4.3 |      45 |       4 |   8.2
            +---------+---------+-------+---------+---------+-------
        D:1 |      41 |       0 |   0.0 |      23 |       0 |   0.0
        D:2 |      81 |       0 |   0.0 |      17 |       0 |   0.0
        D:3 |       0 |      11 | 100.0 |       0 |       4 | 100.0
        D:4 |     120 |       0 |   0.0 |       5 |       0 |   0.0
            +---------+---------+-------+---------+---------+-------

Illustrated notes

Table legend:
 A = Kills in this place as a percentage of kills in entire the game.
 B = Kills by you in this place as a percentage of kills by you in the entire game.
 C = Kills by friends in this place as a percentage of kills by friends in the entire game.
 D = Other kills in this place as a percentage of other kills in the entire game.
 E = Experience gained in this place as a percentage of experience gained in the entire game.
 F = Experience gained in this place divided by the number of levels of this place that you have seen.
                   A       B       C       D       E      F
               +-------+-------+-------+-------+-------+----------------------
         Total | 100.0 | 100.0 | 100.0 |   N/A | 100.0 |  63.2
       Dungeon | 100.0 | 100.0 | 100.0 |   N/A | 100.0 |  63.2
               +-------+-------+-------+-------+-------+----------------------

Table legend: (Time is in decaauts)
 A = Elapsed time spent in this place.
 B = Non-inter-level travel time spent in this place.
 C = Inter-level travel time spent in this place.
 D = Time resting spent in this place.
 E = Time spent auto-exploring this place.
 F = Levels seen in this place.
 G = Mean time per level.
                   A        B        C        D        E       F      G
               +--------+--------+--------+--------+--------+-----+--------+
         Total |   2507 |   2479 |     28 |    121 |   1897 |   4 |  626.8 |
       Dungeon |   2507 |   2479 |     28 |    121 |   1897 |   4 |  626.8 |
               +--------+--------+--------+--------+--------+-----+--------+

Top non-repeatable levels by time:
     D:1: 1224 daAuts
     D:2: 937 daAuts
     D:4: 316 daAuts
     D:3: 29 daAuts
